 Dungeon Crawl Stone Soup version 0.31-a0-204-g7da18cac08 (webtiles) character file.

Game seed: 1202591490144512518

44 qw the Shooter (level 3, 0/20 HPs)
             Began as a Deep Elf Hunter on June 27, 2023.
             Slain by a black bear (3 damage)
             ... on level 3 of the Dungeon.
             The game lasted 00:00:31 (1766 turns).

qw the Shooter (Deep Elf Hunter)                    Turns: 1766, Time: 00:00:32

Health: 0/20       AC:  6    Str: 10    XL:     3   Next: 39%
Magic:  0/5        EV:  9    Int: 13    God:
Gold:   107        SH:  0    Dex: 18    Spells: 2/2 levels left

rFire   . . .        g - +0 arbalest (heavy)
rCold   . . .        (shield currently unavailable)
rNeg    . . .        k - +0 scale mail
rPois   .            (no helmet)
rElec   .            (no cloak)
rCorr   .            (no gloves)
SInv    .            (no boots)
Will    .....        e - amulet of guardian spirit
Stlth   +            b - +4 ring of slaying {mikee}
HPRegen 0.23/turn    (no ring)
MPRegen 0.09/turn

%: guardian spirit
@: no status effects
A: no striking features
a: no special abilities


You were on level 3 of the Dungeon.
You visited 1 branch of the dungeon, and saw 4 of its levels.

You collected 107 gold pieces.


   Skills:
 - Level 1.5 Fighting
 + Level 7.0 Ranged Weapons
 - Level 2.4 Dodging
 - Level 1.2 Stealth


You had 2 spell levels left.
You didn't know any spells.
Your spell library was empty.

Inventory:

Hand Weapons
 g - a +0 heavy arbalest (weapon)
Armour
 k - a +0 scale mail (worn)
Jewellery
 b - a +4 ring of slaying (left hand) {mikee}
 e - an amulet of guardian spirit (around neck)
Scrolls
 a - a scroll of identify
Potions
 c - 2 potions of curing
 d - a potion of cancellation
 h - a potion of heal wounds

Dungeon Overview and Level Annotations

Branches:
Dungeon (4/15)
 Temple: D:4-7

Altars:
Dithmenos

Shops:
D:1 :   D:4 (


Message History

Enter note: Done exploring.
1740 ||| UPGRADING to +4 ring of slaying {mikee}.
b - a +4 ring of slaying (left hand) {mikee} Done exploring.
1741 ||| DRINKING 3 sapphire potions.
It was a potion of curing.
You feel better.
Done exploring.
1742 ||| READING 2 scrolls of identify.
As you read the scroll of identify, it crumbles to dust.
d - a potion of cancellation;
1742 ||| IDENTIFYING dark potion Done exploring.
(D) Dungeon
Where to? (* - list waypoints, Enter - D:3, ? - help)
What level of the Dungeon? (default 1, ? - help)
There is a stone staircase leading down, spattered with blood here.
You climb downwards.
The black bear growls angrily.
There is a stone staircase leading up here.
There are monsters nearby!
Waypoint 3 assigned to D:4.
You shoot a bolt. The bolt barely misses the worm.
The black bear barely misses you.
The black bear claws you but does no damage. x2
The worm bites you.
1764 ||| STAIRDANCE The black bear bites you.
The black bear claws you but does no damage.
The black bear claws you. The worm bites you.
You climb upwards.
There is a stone staircase leading down, spattered with blood here.
You shoot a bolt. The bolt hits the black bear.
The black bear is moderately wounded.
The black bear bites you.
The black bear claws you but does no damage. x2
The black bear bites you but does no damage.
The black bear claws you but does no damage. x2
The worm bites you. The black bear bites you!
The black bear claws you but does no damage.
The black bear claws you.
You die...

#.###.###.#####.....# #.#.##.##
#.# #.###.#.........####.#.##.##
#.# #...................(#......
#.# #####.#...#............##...
#?# #.....................##
##.#### ###.#......[..........##
#.....# ###.###.(...............
#####.# #......wh..#.########...
#.# #.#%###@................ #.#
#.#........#.########... #.#
#.#..##..#.#.# #... #.#
#.#..##..#.#.# #... #.#
#.#..##....#.########... #.#
#.#..##..#.#..........#. #.#
#.#..##..###.##########.
#####.####.#..##..###.#<.........
#..........#..##..#..............


You could see a black bear and a worm.

Vanquished Creatures
  3 dart slugs
  2 bats (D:2)
  3 endoplasms
  2 giant cockroaches
  2 goblins
  4 hobgoblins
  2 quokkas
  4 ball pythons
  5 frilled lizards (D:3)
  3 kobolds
  6 rats
36 creatures vanquished.

Notes
Turn   | Place    | Note
-------+----------+-------------------------------------------
     0 | D:1      | qw the Deep Elf Hunter began the quest for the Orb.
     0 | D:1      | Reached XP level 1. HP: 12/12 MP: 3/3
     0 | D:1      | 0 ||| qw: Version: 0.3-a-22-g0ed2b0b
     0 | D:1      | 0 ||| qw: Game counter: 6572
     0 | D:1      | 0 ||| qw: Melee chars always use a shield: true
     0 | D:1      | 0 ||| qw: God list: Okawaru
     0 | D:1      | 0 ||| qw: Allow faded altars: false
     0 | D:1      | 0 ||| qw: Do Orc after clearing Dungeon:15 true
     0 | D:1      | 0 ||| qw: Do second Lair branch before Depths: true
     0 | D:1      | 0 ||| qw: Lair rune preference: random
     0 | D:1      | 0 ||| qw: Goals: Normal
     0 | D:1      | 0 ||| PLANNING D:1-11
    34 | D:1      | 34 ||| SWAPPING to +0 arbalest.
    36 | D:1      | 36 ||| DROPPING +0 shortbow.
   130 | D:1      | Reached skill level 6 in Ranged Weapons
   130 | D:1      | Reached XP level 2. HP: 16/16 MP: 4/4
   261 | D:1      | Found Deto Woi's Book Boutique.
   614 | D:1      | 614 ||| UPGRADING to +0 scale mail.
   624 | D:1      | 624 ||| DROPPING +0 leather armour.
   625 | D:1      | 625 ||| UPGRADING to amulet of guardian spirit.
   630 | D:1      | 630 ||| READING scroll labelled ZOKHLI ONUPS.
   631 | D:1      | 631 ||| READING scroll labelled EXIEFIO NYEG.
   632 | D:1      | 632 ||| READING scroll labelled POZIZ WUS CIRO.
   633 | D:1      | 633 ||| READING scroll labelled GUCOSS ULA KUI.
   637 | D:1      | 637 ||| READING scroll labelled NIACWE BO LERO.
   638 | D:1      | 638 ||| DRINKING 2 bubbling golden potions.
   639 | D:1      | 639 ||| DROPPING scroll of butterflies.
   752 | D:2      | Reached XP level 3. HP: 20/20 MP: 5/5
   910 | D:2      | Found a shadowy altar of Dithmenos.
  1015 | D:2      | 1015 ||| READING scroll labelled JOPHOK MOFILLO.
  1016 | D:2      | 1016 ||| READING 2 scrolls labelled GUHYALESAI.
  1017 | D:2      | 1017 ||| READING scroll labelled GYHUETH NAOKKIFA.
  1018 | D:2      | 1018 ||| DROPPING scroll of fog.
  1094 | D:3      | Found a faded altar of an unknown god.
  1689 | D:3      | Reached skill level 7 in Ranged Weapons
  1740 | D:3      | 1740 ||| UPGRADING to +4 ring of slaying {mikee}.
  1741 | D:3      | 1741 ||| DRINKING 3 sapphire potions.
  1742 | D:3      | 1742 ||| READING 2 scrolls of identify.
  1742 | D:3      | 1742 ||| IDENTIFYING dark potion
  1762 | D:4      | Noticed a scorpion
  1762 | D:4      | Noticed a black bear
  1762 | D:4      | Found Xyubaiz's Weapon Shoppe.
  1764 | D:4      | 1764 ||| STAIRDANCE
  1766 | D:3      | HP: 3/20 [black bear (6)]
  1766 | D:3      | Slain by a black bear

Levels and vault maps discovered:
D:1:      saegor_arrival_miasma, layout_basic, serial_shops, shop
D:2:      layout_basic, basic_altar
D:3:      layout_basic, hellmonk_ecumenical_altar_arch_garden
D:4:      wad_river_or_something, layout_rooms, mainiacjoe_overflow_boulevard,
          kennysheep_orc_sif_temple, mainiacjoe_overflow_cross_hatched,
          serial_shops, shop, shop, nicolae_shop_bloodbath_and_beyond, shop,
          nicolae_shop_tiny_waterfront

Skill      XL: |  1  2  3 |
---------------+----------+-----
Ranged Weapons | 6 7 |  7.0
Fighting       | |  1.5
Dodging        | |  2.4
Stealth        | |  1.2

Action                     || total
---------------------------++-------
   Fire: Arbalest          ||    72
         Shortbow          ||     3
    Use: Scroll            ||     9
         Potion            ||     2
 Armour: Scale mail        ||    45
  Dodge: Dodged            ||    36

Table legend:
 A = Non-vault XP
 B = Vault XP
 C = Vault XP percentage of total XP
 D = Non-vault monster count
 E = Vault monster count
 F = Vault count percentage of total count
                 A         B        C        D         E       F
            +---------+---------+-------+---------+---------+-------
      Total |      63 |       0 |   0.0 |      36 |       0 |   0.0
            +---------+---------+-------+---------+---------+-------
        D:1 |      23 |       0 |   0.0 |      11 |       0 |   0.0
        D:2 |      19 |       0 |   0.0 |       9 |       0 |   0.0
        D:3 |      21 |       0 |   0.0 |      16 |       0 |   0.0
            +---------+---------+-------+---------+---------+-------
